 Dungeon Crawl Stone Soup version 0.24-a0-228-g05560da471 (webtiles) character file.

Game seed: 14305328781476695278

46 Minion the Poker (level 3, -2/31 HPs)
             Began as a Hill Orc Monk on Apr 1, 2019.
             Slain by a hobgoblin (5 damage)
             ... on level 2 of the Dungeon.
             The game lasted 00:01:58 (1666 turns).

Minion the Poker (Hill Orc Monk)                    Turns: 1666, Time: 00:01:59

Health: -2/31      AC:  2    Str: 16    XL:     3   Next: 68%
Magic:  3/3        EV: 13    Int: 10    God:
Gold:   47         SH:  0    Dex: 13    Spells: 2/2 levels left

rFire    . . .     SeeInvis .   a - +0 spear
rCold    . . .     Gourm    .   (no shield)
rNeg     . . .     Faith    .   b - +0 robe
rPois    .         Spirit   .   (no helmet)
rElec    .         Reflect  .   (no cloak)
rCorr    .         Harm     .   (no gloves)
MR       .....                  (no boots)
Stlth    ++........             (no amulet)
HPRegen  0.10/turn              k - +2 ring of strength
MPRegen  0.08/turn              (no ring)

@: no status effects
A: no striking features
a: no special abilities


You were on level 2 of the Dungeon.
You were not hungry.

You visited 1 branch of the dungeon, and saw 2 of its levels.

You collected 47 gold pieces.

Inventory:

Hand Weapons
 a - a +0 spear (weapon)
Armour
 b - a +0 robe (worn)
 e - a +0 buckler
Jewellery
 g - a +2 amulet of reflection {unknown}
 k - a +2 ring of strength (left hand)
 m - an uncursed ring of flight {unknown}
Scrolls
 f - a scroll of remove curse {unknown}
 l - a scroll of identify {unknown}
 p - a scroll of blinking {unknown}
 q - a scroll of amnesia {unknown}
Potions
 d - 2 potions of mutation {unknown}
 h - a potion of magic {unknown}
 i - a potion of curing {unknown}
 j - a potion of haste {unknown}
 n - 2 potions of lignification {unknown}
Comestibles
 c - 5 rations
 o - 2 chunks of flesh


   Skills:
 - Level 3.6 Fighting
 + Level 5.0 Polearms
 - Level 2.4 Dodging
 - Level 1.5 Stealth


You had 2 spell levels left.
You didn't know any spells.
Your spell library was empty.

Dungeon Overview and Level Annotations

Branches:
Dungeon (2/15)

Altars:
Ashenzari
Cheibriados
Okawaru


Message History

You hit the hobgoblin.
The hobgoblin is heavily wounded.
The hobgoblin hits you but does no damage.
You hit the hobgoblin.
You kill the hobgoblin!
The goblin closely misses you. The hobgoblin hits you.
The goblin barely misses you. The hobgoblin hits you.
* * * LOW HITPOINT WARNING * * *
Things that are here:
a +0 club; 14 gold pieces; a goblin corpse The goblin misses you.
The hobgoblin hits you.
* * * LOW HITPOINT WARNING * * *
There is an open door, spattered with blood here.
The goblin wields a +0 hunting sling.
The goblin shoots a stone.
The stone completely misses you.
You are too injured to fight recklessly!
You are too injured to fight recklessly!
You closely miss the hobgoblin. You closely miss the hobgoblin.
The hobgoblin hits you.
You die...

#)#############..#......
#.# ####### ##.#.....#
#.# ##.....## #.......#
#.# #..###..# ##......#
#.###.##.##.### #.>....#
#.#...#...#...####......
#...####'####..# #......
#..##)#(..#$##.# #######
#..').'@gg')$#.#
##.##.#...#$##.#
#..####'####..#
##...#...#...##
###.##.##.### #..###..#
##.....## #######


You could see a hobgoblin and a goblin.

Vanquished Creatures
  An adder (D:2)
  An ooze (D:2)
  A dart slug (D:1)
  A bat (D:1)
  2 giant cockroaches (D:2)
  5 goblins (D:2)
  5 hobgoblins
  3 jackals (D:1)
  A quokka (D:2)
  A frilled lizard (D:1)
  3 kobolds
  5 rats
29 creatures vanquished.

Notes
Turn   | Place    | Note
-------+----------+-------------------------------------------
     0 | D:1      | Minion the Hill Orc Monk began the quest for the Orb.
     0 | D:1      | Reached XP level 1. HP: 19/19 MP: 1/1
   353 | D:1      | Reached XP level 2. HP: 21/26 MP: 2/2
   414 | D:1      | Reached skill level 4 in Polearms
   836 | D:2      | Found a snail-covered altar of Cheibriados.
   836 | D:2      | Found an iron altar of Okawaru.
   837 | D:2      | Found a shattered altar of Ashenzari.
   858 | D:2      | Reached XP level 3. HP: 11/31 MP: 3/3
  1570 | D:2      | Reached skill level 5 in Polearms
  1666 | D:2      | Slain by a hobgoblin

Levels and vault maps discovered:
D:1:      eino_arrival_cavern_a, layout_rooms
D:2:      cheibrodos_greedy_goblins, layout_basic,
          gammafunk_temple_overflow_forgotten

Skill      XL: |  1  2  3 |
---------------+----------+-----
Polearms       | 4 5 |  5.0
Fighting       | |  3.6
Dodging        | |  2.4
Stealth        | |  1.5

Action                   || total
-------------------------++-------
Melee: Spear             ||   144
 Stab: Sleeping          ||     4
  Eat: Chunk             ||     2
Armor: Robe              ||    15
Dodge: Dodged            ||    68

Table legend:
 A = Non-vault XP
 B = Vault XP
 C = Vault XP percentage of total XP
 D = Non-vault monster count
 E = Vault monster count
 F = Vault count percentage of total count
                 A         B        C        D         E       F
            +---------+---------+-------+---------+---------+-------
      Total |      53 |      14 |  20.9 |      22 |       7 |  24.1
            +---------+---------+-------+---------+---------+-------
        D:1 |      19 |       0 |   0.0 |      11 |       0 |   0.0
        D:2 |      34 |      14 |  29.2 |      11 |       7 |  38.9
            +---------+---------+-------+---------+---------+-------
